 Dungeon Crawl Stone Soup version 0.24-a0-235-g3f03afcf10 (webtiles) character file.

Game seed: 2970952895449991405

2034 Redear the Ducker (level 9, -2/62 HPs)
             Began as an Octopode Fighter on Apr 5, 2019.
             Was an Initiate of Sif Muna.
             Slain by an orc warrior
             ... wielding a +0 dire flail
              (18 damage)
             ... on level 7 of the Dungeon.
             The game lasted 00:22:30 (7132 turns).

Redear the Ducker (Octopode Fighter)                Turns: 7132, Time: 00:22:31

Health: -2/62      AC:  3    Str: 15    XL:     9   Next: 24%
Magic:  8/8        EV: 17    Int: 12    God:    Sif Muna [......]
Gold:   142        SH:  0    Dex: 16    Spells: 6/8 levels left

rFire    + . .     SeeInvis .   F - +2 short sword of Dyukk {pierce, rElec rF+ Dex+3} (curse)
rCold    . . .     Gourm    .   (no shield)
rNeg     . . .     Faith    +   (helmet restricted)
rPois    .         Spirit   .   k - amulet of faith {Faith}
rElec    +         Reflect  .   d - ring of wizardry {Wiz+}
rCorr    .         Harm     .   (no ring)
MR       .....                  (no ring)
Stlth    ++++......             (no ring)
HPRegen  0.20/turn              (no ring)
MPRegen  0.11/turn              (no ring)
                                (no ring)
                                (no ring)

@: no status effects
A: almost no armour, stealthy swim, amphibious, 8 rings, constrict 8, iridescent
scales 1, camouflage 1, deterioration 1, low mp 1, sense surroundings 1,
gelatinous body 1
a: Renounce Religion


You were on level 7 of the Dungeon.
You worshipped Sif Muna.
Sif Muna was noncommittal.
You were hungry.

You visited 2 branches of the dungeon, and saw 8 of its levels.
You also visited: Ossuary.

You collected 259 gold pieces.
You spent 117 gold pieces at shops.

Inventory:

Hand Weapons
 a - a +0 long sword
 f - a +1 short sword of draining
 s - a +3 quarterstaff of chaos
 F - the cursed +2 short sword of Dyukk (weapon) {pierce, rElec rF+ Dex+3}
   (You found it on level 6 of the Dungeon)

   It inflicts extra damage upon your enemies.
   It affects your dexterity (+3).
   It protects you from fire.
   It insulates you from electricity.
   It has a curse placed upon it.
Missiles
 e - 4 silver javelins
 y - 100 stones (quivered)
Armour
 b - a +0 shield
Jewellery
 d - a ring of wizardry (left tentacle) {Wiz+}
 k - an amulet of faith (around mantle) {Faith}
 G - an uncursed ring of flight {unknown}
Wands
 p - a wand of polymorph (18)
 u - a wand of random effects (42)
 V - a wand of flame (10)
Scrolls
 g - 2 scrolls of remove curse {unknown}
 h - a scroll of enchant armour {unknown}
 i - 4 scrolls of enchant weapon
 j - 2 scrolls of random uselessness {unknown}
 q - 2 scrolls of summoning {unknown}
 r - 2 scrolls of amnesia {unknown}
 B - 4 scrolls of blinking {@r4}
 C - a scroll of vulnerability {unknown}
 I - a scroll of noise {unknown}
 T - 5 scrolls of teleportation {@r3}
Potions
 c - a potion of might {Str+5 DMG+1d10 | @q3}
 l - 5 potions of lignification
 m - 3 potions of heal wounds {@q1}
 n - 3 potions of agility {unknown}
 o - 2 potions of ambrosia {unknown}
 t - a potion of experience {unknown}
 v - a potion of flight {unknown}
 w - 2 potions of magic
 x - 2 potions of haste {unknown}
 A - 2 potions of cancellation {unknown}
 D - a potion of invisibility {unknown}
 E - 3 potions of brilliance {unknown}
 Q - 8 potions of curing
Comestibles
 z - 7 rations


   Skills:
 + Level 6.2 Fighting
 + Level 5.8 Long Blades
 + Level 6.2 Dodging
 - Level 6.1 Stealth
 + Level 6.2 Shields


You had 6 spell levels left.
You knew the following spells:

 Your Spells              Type           Power        Failure   Level  Hunger
b - Animate Skeleton      Necr           N/A          13%         1    ##.....
q - Confusing Touch       Hex            #.....       13%         1    ##.....

Your spell library contained the following spells:

 Spells                   Type           Power        Failure   Level  Hunger
 Apportation              Tloc           #.....       13%         1    ##.....
 Summon Small Mammal      Summ           #...         13%         1    ##.....


Dungeon Overview and Level Annotations

Branches:
Dungeon (7/15)             Temple (1/1) D:6

Altars:
Cheibriados
Fedhas
Hepliaklqana
Makhleb
Nemelex Xobeh
Okawaru
Qazlal
Sif Muna
Trog
Uskayaw
Vehumet
Yredelemnul
Zin
The Shining One

Shops:
D:4 (*!?

Annotations:
D:6 Edmund


Innate Abilities, Weirdness & Mutations

You cannot wear most types of armour.
You are very stealthy in the water. (Stealth+)
You are amphibious.
You can wear up to eight rings at the same time.
You can use your tentacles to constrict eight enemies at once.
Your skin changes colour to match your surroundings (Stealth+).
Your rubbery body absorbs attacks. (AC +1, EV +1)
You are partially covered in iridescent scales. (AC +2)
Your body sometimes deteriorates upon taking damage.
Your magical capacity is low. (-10% MP)
You passively map a small area around you.


Message History

You take 15 damage, and have 47/62 hp.
MASSIVE DAMAGE!!
You hit the orc warrior but do no damage.
You squeeze the orc warrior, but do no damage.
The orc warrior is severely wounded.
You constrict the orc warrior.
The orc warrior hits you with a +0 dire flail!!
You take 19 damage, and have 28/62 hp.
MASSIVE DAMAGE!!
You hit the orc warrior but do no damage.
The orc warrior is severely wounded.
You constrict the orc warrior.
The orc warrior hits you with a +0 dire flail!
* * * LOW HITPOINT WARNING * * *
You take 12 damage, and have 16/62 hp.
Unknown command.
You hit the orc warrior but do no damage.
You squeeze the orc warrior, but do no damage.
The orc warrior is almost dead.
You constrict the orc warrior.
The orc warrior hits you with a +0 dire flail!!
You die...

, ####... , * * , ##.#
##. * , #.# ####+#* ##.
,..#.# ## ***#.#.# #
*,#######.#<## ########
#...@o[....###.......
#.....##......##.######
#.#.#.*#.....###.# #
#.##..#.####.#
#............# ,
......######## ,####.##
, ...# ###*


You could see an orc warrior.

Vanquished Creatures
  A hungry ghost (D:7)
  Menkaure (D:4)
  An orc warrior (D:5)
  An ice beast (D:7)
  2 sky beasts (D:6)
  A black bear (D:6)
  A centaur (D:7)
  A big kobold (D:7)
  A bullfrog (D:5)
  A water moccasin zombie (Ossuary)
  A crimson imp (D:7)
  Crazy Yiuf (D:3)
  A bullfrog skeleton (D:6)
  2 hounds (D:5)
  2 orc priests
  A jelly (D:7)
  Natasha (thrice) (D:3)
  3 iguanas
  2 orc wizards
  8 worker ants
  A big kobold zombie (Ossuary)
  A hound zombie (D:7)
  2 mummies (Ossuary)
  4 gnolls (D:5)
  14 adders
  A shadow imp (D:5)
  3 oozes
  7 adder zombies (Ossuary)
  2 dart slugs
  3 worms (D:2)
  4 leopard geckos
  21 orcs
  4 ball pythons
  11 bats
  6 giant cockroaches
  A gnoll zombie (Ossuary)
  10 goblins
  11 hobgoblins
  12 jackals
  9 kobolds
  2 quokkas (D:5)
  4 frilled lizards
  5 hobgoblin zombies (Ossuary)
  2 jackal skeletons (D:5)
  5 kobold zombies (Ossuary)
  2 leopard gecko skeletons
  6 orc zombies (Ossuary)
  6 rats
194 creatures vanquished.

Notes
Turn   | Place    | Note
-------+----------+-------------------------------------------
     0 | D:1      | Redear the Octopode Fighter began the quest for the Orb.
     0 | D:1      | Reached XP level 1. HP: 16/16 MP: 1/1
    88 | D:1      | Reached XP level 2. HP: 12/21 MP: 2/2
   100 | D:1      | Reached skill level 1 in Stealth
   397 | D:1      | Reached XP level 3. HP: 26/26 MP: 3/3
   751 | D:2      | Reached skill level 2 in Stealth
   751 | D:2      | Reached XP level 4. HP: 22/31 MP: 4/4
  1104 | D:2      | Gained mutation: You passively map a small area around you.
                  | [potion of mutation]
  1104 | D:2      | Gained mutation: Your magical capacity is low. (-10% MP)
                  | [potion of mutation]
  1104 | D:2      | Gained mutation: Your body sometimes deteriorates upon
                  | taking damage. [potion of mutation]
  1104 | D:2      | Gained mutation: You are partially covered in iridescent
                  | scales. (AC +2) [potion of mutation]
  1120 | D:2      | HP: 3/31 [poisoned by a worker ant]
  1395 | D:2      | Reached XP level 5. HP: 31/36 MP: 4/4
  1829 | D:3      | Reached skill level 3 in Long Blades
  1858 | D:3      | Found a sparkling altar of Nemelex Xobeh.
  1944 | D:3      | Reached skill level 3 in Stealth
  2129 | D:3      | Reached XP level 6. HP: 25/43 MP: 5/5
  2174 | D:3      | Noticed Natasha
  2182 | D:3      | Killed Natasha
  2182 | D:3      | Reached skill level 4 in Dodging
  2182 | D:3      | Reached skill level 4 in Shields
  2272 | D:3      | Reached skill level 4 in Fighting
  2367 | D:3      | Found a runed translucent door.
  2368 | D:3      | Noticed Crazy Yiuf
  2454 | D:3      | Killed Crazy Yiuf
  2489 | D:3      | Noticed Natasha
  2496 | D:3      | Killed Natasha
  2885 | D:3      | Noticed Natasha
  2890 | D:3      | Killed Natasha
  2890 | D:3      | Reached skill level 4 in Stealth
  2955 | D:4      | Reached XP level 7. HP: 33/48 MP: 6/6
  3148 | D:4      | Found Uji Epar's Assorted Antiques.
  3155 | D:4      | Bought an emerald potion for 23 gold pieces
  3155 | D:4      | Bought a blue potion for 23 gold pieces
  3155 | D:4      | Bought a brown potion for 23 gold pieces
  3230 | D:4      | Found Qaujil's Antique Weapon Emporium.
  3349 | D:4      | Found Dicoi's Distillery.
  3375 | D:4      | Found Gaak's Magic Scroll Shoppe.
  3394 | D:4      | Noticed Menkaure
  3401 | D:4      | Killed Menkaure
  3447 | D:4      | Found a sand-covered staircase.
  3456 | Ossuary  | Entered an ossuary
  3550 | Ossuary  | Reached skill level 4 in Long Blades
  3595 | Ossuary  | Reached skill level 5 in Stealth
  3878 | D:4      | Bought a scroll of identify for 24 gold pieces
  3878 | D:4      | Bought a scroll of identify for 24 gold pieces
  4236 | D:5      | Entered Level 5 of the Dungeon
  4500 | D:5      | Reached XP level 8. HP: 54/54 MP: 7/7
  4568 | D:5      | Reached skill level 5 in Dodging
  4586 | D:5      | Reached skill level 5 in Fighting
  4586 | D:5      | Reached skill level 5 in Shields
  5323 | D:6      | Noticed Edmund
  5452 | D:6      | Found a staircase to the Ecumenical Temple.
  5464 | Temple   | Entered the Ecumenical Temple
  5589 | Temple   | Became a worshipper of Sif Muna the Loreminder
  5638 | D:6      | Learned a level 1 spell: Confusing Touch
  5640 | D:6      | Learned a level 1 spell: Animate Skeleton
  5857 | D:5      | Reached skill level 6 in Stealth
  6222 | D:6      | Got an ichor-stained short sword
  6223 | D:6      | Identified the cursed +2 short sword of Dyukk {pierce,
                  | rElec rF+ Dex+3} (You found it on level 6 of the Dungeon)
  6277 | D:6      | Reached skill level 5 in Long Blades
  6859 | D:7      | Reached XP level 9. HP: 62/62 MP: 8/8
  7033 | D:7      | Reached skill level 6 in Fighting
  7033 | D:7      | Reached skill level 6 in Dodging
  7033 | D:7      | Reached skill level 6 in Shields
  7132 | D:7      | Slain by an orc warrior

Levels and vault maps discovered:
D:1:      onia_arrival_pentagram, layout_basic, hangedman_decor_clover_reticule
D:2:      minmay_angry_zag, layout_loops_ring, minmay_fountain_box
D:3:      layout_rooms, first_ration, chequers_mini_garden,
          nemelex_diamond_rough_becter, uniq_natasha, uniq_crazy_yiuf_cottage
D:4:      layout_basic, nicolae_ossuary_entry_ruins, serial_shops,
          nicolae_shop_statue_plus, shop, nicolae_shop_waterfront, shop,
          uniq_menkaure
D:5:      layout_basic
D:6:      layout_gridville, minmay_temple_entry_statues_fountains, uniq_edmund
D:7:      layout_loops_corners, serial_shops, nicolae_shop_stone
Temple:   roderic_octagonal_lattice_temple
Ossuary:  ossuary_tomb_2

Skill      XL: |  1  2  3  4  5  6  7  8  9 |
---------------+----------------------------+-----
Stealth        | 1 2 3 4 5 6 |  6.1
Long Blades    | 3 4 5 |  5.8
Dodging        | 4 5 6 |  6.2
Shields        | 4 5 6 |  6.2
Fighting       | 4 5 6 |  6.2

Action                   |  1- 3 |  4- 6 |  7- 9 || total
-------------------------+-------+-------+-------++-------
Melee: Long sword        |    27 |       |       ||    27
       Constrict         |    15 |    49 |    62 ||   126
       Short sword       |    35 |   174 |   252 ||   461
       Tentacles         |     6 |    38 |    67 ||   111
Throw: Stone             |       |       |     1 ||     1
 Cast: Confusing Touch   |       |       |     1 ||     1
Evoke: Wand              |       |       |     2 ||     2
  Use: Potion            |       |     2 |     1 ||     3
       Scroll            |       |       |     7 ||     7
 Stab: Sleeping          |     4 |     7 |    13 ||    24
       Distracted        |       |     1 |     2 ||     3
  Eat: Chunk             |       |     7 |    11 ||    18
       Ration            |       |       |     1 ||     1
Armor: Skin              |    10 |    15 |    33 ||    58
Dodge: Dodged            |    51 |   123 |   155 ||   329
       Rpst.: Long sword |     3 |       |       ||     3

Table legend:
 A = Non-vault XP
 B = Vault XP
 C = Vault XP percentage of total XP
 D = Non-vault monster count
 E = Vault monster count
 F = Vault count percentage of total count
                 A         B        C        D         E       F
            +---------+---------+-------+---------+---------+-------
      Total |    2450 |     457 |  15.7 |     155 |      39 |  20.1
            +---------+---------+-------+---------+---------+-------
        D:1 |      39 |       0 |   0.0 |      20 |       0 |   0.0
        D:2 |     142 |      20 |  12.3 |      27 |       8 |  22.9
        D:3 |     275 |      79 |  22.3 |      43 |       2 |   4.4
        D:4 |     120 |     154 |  56.2 |      12 |       1 |   7.7
        D:5 |     546 |       0 |   0.0 |      28 |       0 |   0.0
        D:6 |     623 |       0 |   0.0 |      12 |       0 |   0.0
        D:7 |     705 |       0 |   0.0 |      13 |       0 |   0.0
    Ossuary |       0 |     204 | 100.0 |       0 |      28 | 100.0
            +---------+---------+-------+---------+---------+-------
